 Dungeon Sprint DCSS version 0.26-a0-652-gafc20e3620 (webtiles) character file.

Game seed: 17178689336335407019

16789 reriks the Severer (level 12, -7/129 HPs)
             Began as a Deep Dwarf Berserker on Oct 3, 2020.
             Was the Champion of Trog.
             Killed from afar by a fire giant (28 damage)
             ... with a bolt of fire
             ... in the Dungeon (Sprint I: "Red Sonja").
             The game lasted 00:15:12 (2118 turns).

reriks the Severer (Deep Dwarf Berserker)           Turns: 2118, Time: 00:15:13

Health: -7/129     AC: 23    Str: 26    XL:     12   Next: 13%
Magic:  3/12 (3)   EV: 17    Int:  8    God:    Trog [******]
Gold:   297        SH:  0    Dex: 12    Spells: 11/11 levels left

rFire    . . .     SeeInvis .   o - +4 battleaxe (flame)
rCold    . . .     Faith    .   (shield currently unavailable)
rNeg     . . .     Spirit   .   m - +0 chain mail
rPois    .         Reflect  .   x - +2 hat
rElec    .         Harm     .   (no cloak)
rCorr    .         Rampage  .   q - +2 pair of gloves of Context {Slay+3}
MR       +....     NoTele   +   (no boots)
Stlth    ..........             (no amulet)
HPRegen  0.00/turn              l - ring of magical power
MPRegen  0.13/turn              p - +4 ring of protection

@: mighty, lethally poisoned (-7 -> -7), non-regenerating, hasted and slowed
A: damage resistance, heal wounds, deterioration 1, sense surroundings 2, no
regeneration
0: Orb of Zot
a: Heal Wounds, Berserk, Trog's Hand, Brothers in Arms, Renounce Religion


You were in the Dungeon.
You worshipped Trog.
Trog was exalted by your worship.
You visited 1 branch You collected 1931 gold pieces.
You spent 1634 gold pieces at shops.

Inventory:

Hand Weapons
 a - a +0 hand axe
 n - a +1 war axe of distortion
 o - a +4 battleaxe of flaming (weapon)
 t - a +2 antimagic broad axe
 v - a +0 antimagic executioner's axe
Armour
 b - a +0 animal skin
 j - a +0 leather armour
 m - a +0 chain mail (worn)
 q - the +2 pair of gloves of Context (worn) {Slay+3}
   (You bought it in a shop in the Dungeon)

   It affects your accuracy and damage with ranged weapons and melee attacks
   (+3).
 r - the cursed +0 kite shield of Giogay {rN+ Regen+ Int-3}
   (You bought it in a shop in the Dungeon)

   It affects your intelligence (-3).
   It protects you from negative energy.
   It increases your rate of regeneration.
   It has a curse placed upon it.
 x - a +2 hat (worn)
Jewellery
 l - a ring of magical power (left hand)
 p - a +4 ring of protection (right hand)
Scrolls
 y - a scroll of magic mapping
Potions
 c - 2 potions of curing
 d - a potion of heal wounds
 f - 2 potions of magic
 g - a potion of berserk rage
 k - a potion of stabbing
 u - a potion of degeneration
 z - a potion of might
Miscellaneous
 s - a condenser vane (2/2)


   Skills:
 + Level 14.3 Fighting
 + Level 16.6 Axes
 + Level 16.5 Armour
 + Level 16.5 Dodging


You had 11 spell levels left.
You didn't know any spells.
Your spell library was empty.

Dungeon Overview and Level Annotations

Branches:
Dungeon (1/1)

Altars:
Cheibriados
Dithmenos
Elyvilon
Fedhas
Gozag
Hepliaklqana
Kikubaaqudgha
Makhleb
Nemelex Xobeh
Okawaru
Qazlal
Ru
Sif Muna
Trog
Uskayaw
Vehumet
Wu Jian
Xom
Yredelemnul
Zin
The Shining One
Jiyva
Lugonu

Shops:
D *([!?=[*!!=![?[[?

Annotations:
D Lom Lobon, Tiamat


Innate Abilities, Weirdness & Mutations

You are resistant to damage.
You can heal yourself by infusing magical energy.
You passively map the area around you.
You do not regenerate.
Your body sometimes deteriorates upon taking damage.


Message History

The fire giant shouts!
You see here the Orb of Zot.
You pick up the Orb of Zot!
The Orb lets out a hideous shriek!
The lords of Pandemonium are not amused.
Beware!
Now all you have to do is get back out of the dungeon!
You hear a roar!
Tiamat, Avatar of the Dragonlord comes into view.
She is wielding a +1 demon trident of electrocution and wearing the +4 dragonskin cloak.
Press: ? - help, Dir - move target cursor
As you read the scroll of blinking, it crumbles to dust.
Found 17 gold pieces, a scroll of identify, 24 stones and 24 arrows.
You feel as though your hastened speed will last longer.
The fire giant hits you with a +0 great sword of flaming!
* * * LOW HITPOINT WARNING * * *
The fire giant burns you.
Okay, then.
You are too injured to fight recklessly!
The fire giant casts a spell at you.
The bolt of fire hits the fire giant!
The fire giant resists.
The bolt of fire hits you!!
You die...

#'###[###§#.○##*,,**#..*+###..≈#,
....')∩##§#°°#***,,*##..,#.≈..##,
#########.##'#,,*,,*,*##.#§§&.#,,
.......##.#*,*,,,,,,,,,*.###..#,,
.....§..§.#***,,,,,,,,,*,#°'†.#*,
++.######§#,,',,,,,,***#+#.##'##,
...§....#.####*,,,***...,#^#§≈≈##
..§§§.§#'§#((?#####...####.#§§≈≈#
....§.≈####$....@...###....#§≈°≈≈
..§§§§≈##(?!..C.#####°○○.####○≈≈≈
...≈≈≈###$?..CC##°○.○○○°°#,,#'≈☼≈
≈≈≈≈### #)...C##.○°°^°°^.#,,§##≈≈
####'####$$$$$#^.^°...§§°#,$$,###
#####∩∩############..○§§.#$$$,*≈≈
∩∩∩∩∩∩###≈≈≈≈≈≈≈d,#.○§°§§###****≈
####### ###########§..○○^':}*,,',
#.....+...§&.§§..#[:',,*,


You could see 4 fire giants.

Vanquished Creatures
  the Lernaean hydra (D)
  A deep elf annihilator (D)
  A mummy priest (D)
  A hydra (D)
  2 centaur warriors (D)
  Sonja (D)
  4 unseen horrors (D)
  A deep troll (D)
  A lindwurm (D)
  2 oklob plants (D)
  A merfolk siren (D)
  A gargoyle (D)
  2 kobold demonologists (D)
  A hellwing (D)
  4 demonic crawlers (D)
  3 hornets (D)
  A slime creature (D)
  Sigmund (D)
  2 redbacks (D)
  A yak (D)
  13 hogs (D)
  3 floating eyes (D)
  7 necrophages (D)
  An ogre (D)
  7 jellies (D)
  Ijyb (D)
64 creatures vanquished.

Vanquished Creatures (others)
  A merfolk siren (D)
  2 hornets (D)
  9 ball lightnings (D)
  2 ballistomycete spores (D)
14 creatures vanquished.

Grand Total: 78 creatures vanquished

Notes
Turn   | Place    | Note
-------+----------+-------------------------------------------
     0 | D        | reriks the Deep Dwarf Berserker began the quest for the
                  | Orb.
     0 | D        | Reached XP level 1. HP: 20/20 MP: 1/1
     1 | D        | Noticed Ijyb
     6 | D        | Killed Ijyb
     6 | D        | Reached XP level 2. HP: 30/30 MP: 2/2
    52 | D        | Noticed an ogre
    60 | D        | Killed an ogre
    60 | D        | Reached skill level 5 in Fighting
    60 | D        | Reached skill level 5 in Armour
    60 | D        | Reached skill level 5 in Dodging
    60 | D        | Reached XP level 3. HP: 33/39 MP: 3/3
    60 | D        | Reached XP level 4. HP: 39/46 MP: 4/4
   108 | D        | Noticed Sigmund
   115 | D        | Killed Sigmund
   115 | D        | Reached ** piety under Trog
   115 | D        | Reached XP level 5. HP: 52/56 MP: 5/5
   115 | D        | Reached XP level 6. HP: 59/63 MP: 6/6
   133 | D        | Found an ornate altar of the Wu Jian Council.
   133 | D        | Found a shimmering blue altar of Sif Muna.
   135 | D        | Found a radiant altar of Vehumet.
   215 | D        | Found Isi Ofo's Antique Weapon Emporium.
   215 | D        | Found an ancient bone altar of Kikubaaqudgha.
   215 | D        | Found a hazy altar of Hepliaklqana.
   215 | D        | Found a stormy altar of Qazlal.
   215 | D        | Found a hide-covered altar of Uskayaw.
   215 | D        | Found a blossoming altar of Fedhas.
   215 | D        | Found a bloodstained altar of Trog.
   215 | D        | Found an iron altar of Okawaru.
   215 | D        | Found a basalt altar of Yredelemnul.
   215 | D        | Found a glowing golden altar of the Shining One.
   215 | D        | Found a snail-covered altar of Cheibriados.
   215 | D        | Found a sacrificial altar of Ru.
   215 | D        | Found a glowing silver altar of Zin.
   215 | D        | Found a shadowy altar of Dithmenos.
   215 | D        | Found a white marble altar of Elyvilon.
   215 | D        | Noticed a yak
   220 | D        | Killed a yak
   221 | D        | Found an opulent altar of Gozag.
   253 | D        | Found a sparkling altar of Nemelex Xobeh.
   268 | D        | Bought a runed war axe for 175 gold pieces
   281 | D        | Found a burning altar of Makhleb.
   281 | D        | Found a viscous altar of Jiyva.
   281 | D        | Found a shimmering altar of Xom.
   281 | D        | Found a corrupted altar of Lugonu.
   281 | D        | Noticed a slime creature
   287 | D        | Killed a slime creature
   287 | D        | Reached *** piety under Trog
   287 | D        | Reached XP level 7. HP: 73/73 MP: 6/6
   336 | D        | Noticed a kobold demonologist
   337 | D        | Noticed a kobold demonologist
   337 | D        | Paralysed by a floating eye for 3 turns
   344 | D        | Noticed a red devil
   348 | D        | Noticed a soul eater
   352 | D        | Noticed an orange demon
   353 | D        | Killed a kobold demonologist
   353 | D        | Reached skill level 10 in Axes
   355 | D        | Killed a kobold demonologist
   355 | D        | Reached **** piety under Trog
   355 | D        | Reached skill level 10 in Armour
   355 | D        | Reached skill level 10 in Dodging
   355 | D        | Reached XP level 8. HP: 62/84 MP: 7/7
   422 | D        | Noticed a centaur warrior
   424 | D        | Noticed a centaur warrior
   432 | D        | Killed a centaur warrior
   436 | D        | Killed a centaur warrior
   436 | D        | Reached skill level 10 in Fighting
   436 | D        | Gained mutation: You passively map the area around you.
                  | [Deep Dwarf growth]
   436 | D        | Reached XP level 9. HP: 70/93 MP: 8/8
   550 | D        | Noticed an oklob plant
   556 | D        | Killed an oklob plant
   556 | D        | Reached ***** piety under Trog
   764 | D        | Banished an unseen horror
   764 | D        | Reached XP level 10. HP: 92/104 MP: 7/7
   769 | D        | Killed an unseen horror
  1006 | D        | Received a gift from Trog
  1017 | D        | Gained mutation: Your body sometimes deteriorates upon
                  | taking damage. [mutagenic glow]
  1041 | D        | Received a gift from Trog
  1071 | D        | Found Lujebenkeu's Distillery.
  1071 | D        | Found Bainwiew's Armour Shop.
  1071 | D        | Found Qaxi's Magic Scroll Boutique.
  1073 | D        | Found Emmir's Jewellery Emporium.
  1073 | D        | Found Kassis's Antique Armour Shop.
  1073 | D        | Found Histykuf's Assorted Antiques.
  1073 | D        | Found Joqan's Distillery.
  1073 | D        | Found Woniskol's Distillery.
  1073 | D        | Found Lialila's Jewellery Shop.
  1073 | D        | Found Wesiclac's Distillery.
  1075 | D        | Bought the +2 pair of gloves of Context {Slay+3} for 375
                  | gold pieces
  1076 | D        | Found Ucrires's Armour Boutique.
  1082 | D        | Found Liophuax's Armour Emporium.
  1082 | D        | Found Zuvewnod's Magic Scroll Boutique.
  1083 | D        | Found Qegietu's Magic Scroll Emporium.
  1089 | D        | Bought the cursed +0 kite shield of Giogay {rN+ Regen+
                  | Int-3} for 76 gold pieces
  1138 | D        | Noticed a deep troll
  1143 | D        | Killed a deep troll
  1197 | D        | Found Qellopyodd's Armour Emporium.
  1228 | D        | Received a gift from Trog
  1239 | D        | Reached ****** piety under Trog
  1295 | D        | Noticed a gargoyle
  1301 | D        | Killed a gargoyle
  1311 | D        | Noticed a lindwurm
  1314 | D        | Killed a lindwurm
  1325 | D        | Received a gift from Trog
  1325 | D        | Reached XP level 11. HP: 109/115 MP: 8/8
  1352 | D        | Received a gift from Trog
  1363 | D        | Reached skill level 15 in Axes
  1458 | D        | Noticed a 12-headed hydra
  1459 | D        | Paralysed by a floating eye for 2 turns
  1462 | D        | Killed a nine-headed hydra
  1462 | D        | Reached skill level 15 in Armour
  1462 | D        | Reached skill level 15 in Dodging
  1537 | D        | Noticed a deep elf annihilator
  1546 | D        | Received a gift from Trog
  1568 | D        | Noticed a daeva
  1571 | D        | Noticed an unseen horror
  1572 | D        | Noticed an unseen horror
  1572 | D        | Noticed an unseen horror
  1579 | D        | Killed an unseen horror
  1583 | D        | Killed an unseen horror
  1584 | D        | Killed an unseen horror
  1648 | D        | Bought a scroll of enchant weapon for 97 gold pieces
  1648 | D        | Bought a scroll of enchant weapon for 97 gold pieces
  1648 | D        | Bought a scroll of enchant weapon for 97 gold pieces
  1649 | D        | Bought a +2 hat for 176 gold pieces
  1653 | D        | Bought a potion of might for 48 gold pieces
  1657 | D        | Bought a potion of haste for 290 gold pieces
  1668 | D        | Bought a scroll of identify for 20 gold pieces
  1668 | D        | Bought a scroll of identify for 20 gold pieces
  1668 | D        | Bought a scroll of identify for 20 gold pieces
  1705 | D        | Noticed Sonja
  1715 | D        | Killed Sonja
  1938 | D        | Found Xaewithropna's General Store.
  1946 | D        | Bought 2 scrolls of magic mapping for 91 gold pieces
  1946 | D        | Bought a potion of might for 52 gold pieces
  2022 | D        | Received a gift from Trog
  2029 | D        | Killed a deep elf annihilator
  2033 | D        | Noticed a mummy priest
  2044 | D        | Noticed an oklob plant
  2051 | D        | Killed a mummy priest
  2052 | D        | Killed an oklob plant
  2062 | D        | Noticed Lom Lobon
  2078 | D        | Noticed the 27-headed Lernaean hydra
  2087 | D        | Killed the 24-headed Lernaean hydra
  2087 | D        | Reached XP level 12. HP: 24/129 MP: 3/4
  2110 | D        | Noticed a fire giant
  2110 | D        | Noticed a fire giant
  2111 | D        | Noticed a fire giant
  2113 | D        | Noticed a fire giant
  2115 | D        | Got the Orb of Zot
  2115 | D        | Identified the +4 dragonskin cloak
  2115 | D        | Noticed Tiamat
  2118 | D        | Killed from afar by a fire giant

Illustrated notes

Levels and vault maps discovered:
D:        dungeon_sprint_1 [red_sonja_temple_1, red_sonja_temple_small_1]

Skill      XL: |  1  2  3  4  5  6  7  8  9 10 11 |
---------------+----------------------------------+-----
Fighting       | 3 5 6 7 8 10 11 12 14 | 14.3
Axes           | 4 6 7 9 10 12 14 16 | 16.6
Armour         | 3 5 7 8 10 11 12 14 16 | 16.5
Dodging        | 3 5 7 8 10 11 12 14 16 | 16.5

Action                   |  1- 3 |  4- 6 |  7- 9 | 10-12 || total
-------------------------+-------+-------+-------+-------++-------
Melee: Hand axe          |    11 |    18 |       |       ||    29
       War axe           |       |     5 |    36 |    19 ||    60
       Battleaxe         |       |       |       |   128 ||   128
       Executioner's axe |       |       |       |    13 ||    13
Invok: Berserk           |     2 |     3 |     5 |     2 ||    12
       Brothers in Arms  |       |       |       |     2 ||     2
       Trog's Hand       |       |       |       |     1 ||     1
 Abil: Heal Wounds       |       |     3 |     5 |    34 ||    42
Evoke: Wand              |       |       |       |    12 ||    12
  Use: Scroll            |       |       |       |    10 ||    10
       Potion            |       |       |       |     7 ||     7
Armor: Chain mail        |       |     1 |    18 |   195 ||   214
       Leather armour    |       |     1 |       |       ||     1
Dodge: Dodged            |     4 |    10 |    22 |   140 ||   176

Table legend: (Time is in decaauts)
 A = Elapsed time spent in this place.
 B = Non-inter-level travel time spent in this place.
 C = Inter-level travel time spent in this place.
 D = Time resting spent in this place.
 E = Time spent auto-exploring this place.
 F = Levels seen in this place.
 G = Mean time per level.
                   A        B        C        D        E       F      G
               +--------+--------+--------+--------+--------+-----+--------+
         Total |   2229 |   2177 |     52 |   1114 |      4 |   1 | 2229.0 |
       Dungeon |   2229 |   2177 |     52 |   1114 |      4 |   1 | 2229.0 |
               +--------+--------+--------+--------+--------+-----+--------+

Top non-repeatable levels by time:
       D: 2229 daAuts
